 Dungeon Crawl Stone Soup version 0.30-a0-1075-gcd70e7a56d (webtiles) character file.

Game seed: 16275417003637382690

79 Lobster4 the Shooter (level 4, -1/38 HPs)
             Began as a Minotaur Hunter on Apr 14, 2023.
             Killed from afar by an orc wizard (12 damage)
             ... with a puff of flame
             ... on level 2 of the Dungeon.
             The game lasted 00:05:32 (1937 turns).

Lobster4 the Shooter (Minotaur Hunter)              Turns: 1937, Time: 00:05:33

Health: -1/38      AC:  6    Str: 15    XL:     4   Next: 17%
Magic:  3/3        EV: 11    Int:  6    God:
Gold:   105        SH:  0    Dex: 16    Spells: 3/3 levels left

rFire   . . .      SeeInvis .    q - +0 falchion
rCold   . . .      Faith    .    (no shield)
rNeg    . . .      Spirit   .    f - +0 ring mail
rPois   .          Reflect  .    (helmet restricted)
rElec   .          Rampage  .    (no cloak)
rCorr   .                        (no gloves)
Will    .....                    j - +0 pair of boots Stlth
                                 (no amulet)
HPRegen 0.26/turn                (no ring)
MPRegen 0.08/turn                (no ring)

@: confused, on berserk cooldown, slowed, very slow
A: horns 2, retaliatory headbutt
a: no special abilities


You were on level 2 of the Dungeon.
You visited 1 branch of the dungeon, and saw 3 of its levels.

You collected 105 gold pieces.

Inventory:

Hand Weapons
 a - a +0 shortbow
 i - a +0 hand axe
 k - a +0 sling of freezing
 q - a +0 falchion (weapon)
Missiles
 l - 6 javelins
 r - 4 poisoned darts
Armour
 c - a +0 leather armour
 e - a +0 plate armour
 f - a +0 ring mail (worn)
 h - a +0 chain mail
 j - a +0 pair of boots (worn)
 m - a +0 scale mail
Jewellery
 n - an amulet of regeneration
Scrolls
 b - 2 scrolls of immolation
 g - 2 scrolls of teleportation {unknown}
 o - a scroll of noise {unknown}
Potions
 p - a potion of ambrosia


   Skills:
 + Level 3.3 Fighting
 + Level 0.4 Long Blades
 + Level 4.9 Ranged Weapons
 + Level 2.1 Armour
 + Level 3.0 Dodging
 - Level 1.0 Stealth


You had 3 spell levels left.
You didn't know any spells.
Your spell library contained the following spells:

 Spells                   Type           Power      Damage    Failure   Level
 Sublimation of Blood     Necr           0%         N/A       82%         2
 Wereblood                Tmut           0%         N/A       82%         2
 Summon Hydra             Summ           0%         N/A       100%        7


Dungeon Overview and Level Annotations

Branches:
Dungeon (3/15)

Altars:

Shops:
D:1 *


Innate Abilities, Weirdness & Mutations

You have a pair of horns on your head.
You reflexively headbutt those who attack you in melee.


Message History

A puff of flame appears from out of thin air!
The puff of flame hits you! Something hits you.
* * * LOW HITPOINT WARNING * * *
You miss something. Something hits you but does no damage.
You hear some strange, mumbled words.
A puff of flame appears from out of thin air!
The puff of flame hits you!
* * * LOW HITPOINT WARNING * * *
It was a potion of heal wounds.
You feel much better. Something hits you but does no damage.
You miss something. Something hits you. Something hits you but does no damage.
You closely miss something. You headbutt something.
Something hits you but does no damage.
You hear some strange, mumbled words.
A puff of flame appears from out of thin air!
The puff of flame hits you.
You hit something but do no damage. Your headbutt misses something.
Something hits you but does no damage. x2
You miss something.
You hear some strange, mumbled words.
Something tries to affect you, but you resist.
Something hits you.
You miss something.
You hear some strange, mumbled words.
A puff of flame appears from out of thin air!
The puff of flame misses you. Something hits you.
You hit something but do no damage. Your headbutt misses something.
Something hits you. x2
You barely miss something.
You hear some strange, mumbled words.
You are confused.
Something hits you.
You bump into the rock wall.
Something hits you.
* * * LOW HITPOINT WARNING * * *
Something hits you but does no damage.
You barely miss something.
Something hits you but does no damage. x2
You hear some strange, mumbled words.
A puff of flame appears from out of thin air!
The puff of flame hits you!
You die... ###### ###### #..P.## ##PPPP#

###.....###PPP.P######
#.'......_PPP.P.'.....
#.#.P...###PP.PP#.....
#.#...P## ##P..P#.....
#.###############.....
#.#.#))...............
#...#@{...###.#.......
###.#####.###<#.......
#.#......####.......
######.#.##.....)........
#......#..#..#.####......
#.P..............##......
##.♣......##..##..........
#.♣.♣P............#..#####
#.♣♣♣P.....#########..####


There were no monsters in sight!

Vanquished Creatures
  3 adders (D:2)
  A dart slug (D:1)
  2 orcs (D:2)
  4 ball pythons
  4 bats
  3 endoplasms
  4 giant cockroaches (D:2)
  3 goblins
  A hobgoblin (D:2)
  2 jackals (D:2)
  8 kobolds
  3 quokkas
  2 frilled lizards
  3 rats
43 creatures vanquished.

Vanquished Creatures (others)
  10 plants (D:2)
10 creatures vanquished.

Grand Total: 53 creatures vanquished

Notes
Turn   | Place    | Note
-------+----------+-------------------------------------------
     0 | D:1      | Lobster4 the Minotaur Hunter began the quest for the Orb.
     0 | D:1      | Reached XP level 1. HP: 18/18 MP: 0/0
   204 | D:1      | Reached skill level 1 in Stealth
   391 | D:1      | Reached XP level 2. HP: 25/25 MP: 1/1
   493 | D:1      | Found Ziethruch's Assorted Antiques.
   567 | D:1      | Reached skill level 1 in Armour
   984 | D:2      | Reached XP level 3. HP: 30/30 MP: 2/2
  1401 | D:2      | Reached XP level 4. HP: 38/38 MP: 3/3
  1640 | D:2      | Found a faded altar of an unknown god.
  1937 | D:2      | Killed from afar by an orc wizard

Illustrated notes

Levels and vault maps discovered:
D:1:      mrwooster_arrival_statue_2, layout_basic, serial_shops, shop,
          minmay_misc_feat_square
D:2:      layout_basic, serial_forest, infiniplex_forest_lined_ring,
          infiniplex_forest_clump_C, infiniplex_forest_lined_3,
          infiniplex_forest_3_way, infiniplex_forest_clump_double,
          infiniplex_forest_split, infiniplex_forest_zigzag_1,
          infiniplex_forest_clump_cross, shapermc_ecumenical_altar_flowoftime
D:3:      layout_loops_ring, makhleb_altar_promises_db, jmf_multi_god_temple2,
          portal_sewer_entry_e, uniq_robin, uniq_grinder

Skill      XL: |  1  2  3 |
---------------+----------+-----
Stealth        | 1 |  1.0
Armour         | 1 2 |  2.1
Fighting       | 3 |  3.3
Dodging        | 3 |  3.0
Long Blades    | |  0.4
Ranged Weapons | |  4.9

Action                     |  1- 3 |  4- 6 || total
---------------------------+-------+-------++-------
  Melee: Falchion          |       |    15 ||    15
         Headbutt          |       |     3 ||     3
         Sling             |       |     1 ||     1
   Fire: Sling             |    97 |    17 ||   114
         Shortbow          |     6 |       ||     6
    Use: Scroll            |     5 |       ||     5
         Potion            |       |     2 ||     2
 Armour: Scale mail        |     6 |       ||     6
         Plate armour      |     2 |       ||     2
         Chain mail        |     1 |       ||     1
         Ring mail         |    11 |    23 ||    34
  Dodge: Dodged            |    24 |    18 ||    42

Table legend: (Time is in decaauts)
 A = Elapsed time spent in this place.
 B = Non-inter-level travel time spent in this place.
 C = Inter-level travel time spent in this place.
 D = Time resting spent in this place.
 E = Time spent auto-exploring this place.
 F = Levels seen in this place.
 G = Mean time per level.
                   A        B        C        D        E       F      G
               +--------+--------+--------+--------+--------+-----+--------+
         Total |   1986 |   1932 |     54 |     81 |   1465 |   3 |  662.0 |
       Dungeon |   1986 |   1932 |     54 |     81 |   1465 |   3 |  662.0 |
               +--------+--------+--------+--------+--------+-----+--------+

Top non-repeatable levels by time:
     D:2: 1105 daAuts
     D:1: 876 daAuts
     D:3: 5 daAuts
